 Dungeon Crawl Stone Soup version 0.17-a0-1562-g9b2c768 (webtiles) character file.

1884237 xXxSWAGxYoLOxXx the Heavyweight Champion (level 27, 397/397 HPs)
             Began as a Troll Monk on July 20, 2015.
             Was the Champion of Cheibriados.
             Escaped with the Orb
             ... and 3 runes!
             The game lasted 04:05:14 (61541 turns).

xXxSWAGxYoLOxXx the Heavyweight Champion (TrMo)    Turns: 61541, Time: 04:05:14

Health: 397/397    AC: 43    Str: 57    XL:     27
Magic:  36/40      EV: 48    Int: 30    God:    Cheibriados [******]
Gold:   7023       SH: 35    Dex: 46    Spells: 12 memorised, 13 levels left

rFire  + . .     SeeInvis +       - Unarmed
rCold  + . .     Clarity  .     (armour currently unavailable)
rNeg   + + +     SustAt   .     M - +5 large shield "Onips" {Str+8}
rPois  ∞         Gourm    +     B - +2 hat {Spirit}
rElec  +         Spirit   +     n - +1 cloak of the Storm King {rC+ rN+ MR+++ Int-2}
rCorr  .         Warding  .     (gloves unavailable)
rMut   +         Stasis   .     (boots unavailable)
MR     +++++                    Z - amulet "Nettitek" {rMut Dex+3}
Stlth  ++........               z - ring of Rephuf {*Contam rF+ Int+2 SInv}
                                R - ring "Nyfub" {+Blink rN+ AC+4 Int+4 Dex+4}

@: mighty, brilliant, agile, statue-form, phasing, stone skin, flying, repel
missiles, very slow, almost entirely resistant to hostile enchantments,
unstealthy
A: unfitting armour, antennae 1, claws 3, (thin metallic scales 0), blink 1,
fast metabolism 3, gourmand, high mp 1, regeneration 3, robust 1, (shaggy fur
0), spit poison 2, (tough skin 0), wild magic 2
a: Spit Poison, End Transformation, Blink, Bend Time, Temporal Distortion,
Slouch, Step From Time, Renounce Religion, Evoke Blink
0: Orb of Zot
}: 3/15 runes: decaying, silver, gossamer


You escaped.
You worshipped Cheibriados.
Cheibriados was exalted by your worship.
You were not hungry.
You were a stone statue.
You visited 11 branches of the dungeon, and saw 57 of its levels.
You also visited: Labyrinth, Trove, Ossuary, Ice Cave and Volcano.

You collected 10360 gold pieces.
You spent 3337 gold pieces at shops.

Inventory:

Missiles
 q - 5 javelins of penetration
 W - 140 large rocks (quivered)
Armour
 n - the +1 cloak of the Storm King (worn) {rC+ rN+ MR+++ Int-2}
   (You acquired it on level 6 of the Lair of Beasts)

   It affects your intelligence (-2).
   It protects you from cold.
   It protects you from negative energy.
   It affects your resistance to hostile enchantments.
 B - a +2 hat of spirit shield (worn)
 J - the +0 robe of Imperfection (melded) {*Corrode Int+2 Dex-2 Slay+6}
   (You took it off a deep elf fighter on level 3 of the Elven Halls)

   It affects your intelligence (+2).
   It affects your dexterity (-2).
   It affects your accuracy and damage with ranged weapons and melee attacks
   (+6).
   It may corrode your equipment when you take damage.
 M - the +5 large shield "Onips" (worn) {Str+8}
   (You bought it in a shop on level 7 of the Dungeon)

   It affects your strength (+8).
Magical staves
 y - an uncursed staff of wizardry
Jewellery
 j - the ring of Jeggoaco {rF+ MP-9 Int+3}
   (You took it off a deep elf annihilator on level 3 of the Elven Halls)

   [ring of protection from fire]

   It affects your intelligence (+3).
   It protects you from fire.
   It affects your magic capacity (-9).
 m - the amulet of the Heavens {rCorr *Corrode Str+7}
   (You acquired it on level 5 of the Realm of Zot)

   [amulet of resist corrosion]

   It protects you from acid and corrosion.
   It affects your strength (+7).
   It may corrode your equipment when you take damage.
 r - the amulet of Summer {Clar Int+4}
   (You found it on level 3 of the Elven Halls)

   [amulet of clarity]

   It provides mental clarity.
   It affects your intelligence (+4).
 z - the ring of Rephuf (right claw) {*Contam rF+ Int+2 SInv}
   (You took it off an orc on level 4 of the Depths)

   [ring of protection from fire]

   It affects your intelligence (+2).
   It protects you from fire.
   It lets you see invisible.
   It causes magical contamination when unequipped.
 E - an uncursed ring of teleportation
 R - the ring "Nyfub" (left claw) {+Blink rN+ AC+4 Int+4 Dex+4}
   (You took it off a fire giant on level 5 of the Vaults)

   [ring of protection]

   It affects your AC (+4).
   It affects your intelligence (+4).
   It affects your dexterity (+4).
   It protects you from negative energy.
   It lets you blink.
 Z - the amulet "Nettitek" (around neck) {rMut Dex+3}
   (You found it on level 1 of the Vaults)

   [amulet of resist mutation]

   It protects you from mutation.
   It affects your dexterity (+3).
Magical devices
 x - a wand of heal wounds (7)
 L - a wand of digging (6)
 S - a wand of teleportation (4)
 V - a wand of teleportation (8)
 X - a wand of heal wounds (7)
 Y - a wand of heal wounds (3)
Scrolls
 d - 19 scrolls of remove curse
 l - a scroll of enchant weapon
 u - 5 scrolls of amnesia
 w - 9 scrolls of identify
 A - 14 scrolls of recharging
 F - a scroll of summoning
 H - 19 scrolls of teleportation
 I - 6 scrolls of blinking
 N - 3 scrolls of magic mapping
 P - a scroll of fog
 U - 4 scrolls of fear
Potions
 c - 7 potions of magic
 e - 7 potions of heal wounds
 f - 4 potions of agility
 g - 10 potions of resistance
 h - 3 potions of might
 i - 8 potions of flight
 o - a potion of cure mutation
 s - 2 potions of cancellation
 t - 20 potions of curing
Books
 C - a book of Flames

   Spells                             Type                      Level
   a - Flame Tongue                   Conjuration/Fire             1
   b - Throw Flame                    Conjuration/Fire             2
   c - Conjure Flame                  Conjuration/Fire             3
   d - Inner Flame                    Hexes/Fire                   3
   e - Sticky Flame                   Conjuration/Fire             4
   f - Fireball                       Conjuration/Fire             5
 D - a book of Dreams

   Spells                             Type                      Level
   a - Ensorcelled Hibernation        Hexes/Ice                    2
   b - Phase Shift                    Translocation                5
   c - Shadow Creatures               Summoning                    5
   d - Silence                        Hexes/Air                    5
   e - Mass Confusion                 Hexes                        6
   f - Darkness                       Hexes                        7
 O - the Papyrus of Execration
   (You found it on level 5 of the Vaults)

   Spells                             Type                      Level
   a - Corona                         Hexes                        1
   b - Confusing Touch                Hexes                        2
   c - Gell's Gravitas                Hexes/Translocation          3
   d - Fulminant Prism                Conjuration/Hexes            4
Miscellaneous
 a - a disc of storms
 G - an ornate deck of wonders
Comestibles
 b - 48 bread rations
 k - 3 beef jerkies
 p - 12 slices of pizza
 v - 3 meat rations


   Skills:
 + Level 17.6 Fighting
 - Level 6.4 Throwing
 - Level 18.0 Dodging
 - Level 1.1 Stealth
 - Level 15.0 Shields
 O Level 27 Unarmed Combat
 - Level 11.0 Spellcasting
 - Level 11.7 Transmutations
 - Level 18.4 Earth Magic
 - Level 4.3 Invocations


You had 13 spell levels left.
You knew the following spells:

 Your Spells              Type           Power        Failure   Level  Hunger
a - Blink                 Tloc           N/A          3%          2    None
b - Mephitic Cloud        Conj/Pois/Air  ######..     4%          3    None
c - Summon Butterflies    Summ           ######..     2%          1    None
d - Portal Projectile     Tloc           ######       4%          3    None
e - Regeneration          Chrm/Necr      ######....   4%          3    None
f - Statue Form           Trmt/Erth      ########.    1%          6    #####..
g - Repel Missiles        Chrm/Air       ######       3%          2    None
h - Apportation           Tloc           ######....   2%          1    None
i - Stoneskin             Trmt/Erth      ########     1%          2    None
j - Passwall              Trmt/Erth      ########..   1%          3    None
k - Passage of Golubria   Tloc           N/A          10%         4    None
l - Phase Shift           Tloc           ######....   32%         5    ###....


Dungeon Overview and Level Annotations

Branches:
Dungeon (15/15)            Temple (1/1) D:7            Lair (8/8) D:11
  Swamp (4/4) Lair:3       Spider (4/4) Lair:3        Slime (0/6) Lair:7
    Orc (4/4) D:11            Elf (3/3) Orc:3        Vaults (5/5) D:13
  Crypt (3/3) Vaults:2       Tomb (0/3) Crypt:3      Depths (5/5) D:15
    Zot (5/5) Depths:5

Altars:
Ashenzari
Cheibriados
Dithmenos
Elyvilon
Fedhas
Gozag
Kikubaaqudgha
Makhleb
Nemelex Xobeh
Okawaru
Qazlal
Ru
Sif Muna
Trog
Vehumet
Xom
Yredelemnul
Zin
The Shining One
Beogh

Shops:
D:5 (=(   D:7 [   Orc:4 :[*(   Elf:1 :   Vaults:1 [(   Vaults:3 *   Depths:4 **

Portals:
Hell: Depths:1 Depths:2 Depths:3 Depths:4 Depths:5
Abyss: Depths:4
Pandemonium: Depths:3
Ziggurat: Depths:4

Annotations:
D:15 3 runed doors
Lair:3 exclusion: electric eel
Lair:8 1 exclusion


Innate Abilities, Weirdness & Mutations

You are too large for most types of armour.
You have claws for hands.
Your metabolism is lightning-fast.
You like to eat raw meat.
You regenerate.
((You are covered in fur (AC +1).))
((You have very tough skin (AC +2).))
You have a pair of small antennae on your head.
((You are partially covered in thin metallic scales (AC +2).))
You can translocate small distances at will.
You have an increased reservoir of magic (+10% MP).
You are robust (+10% HP).
You can spit poison.
Your spells are harder to cast, but more powerful.


Message History

Drink which item? (? for menu, Esc to quit)
You feel clever all of a sudden.
Drink which item? (? for menu, Esc to quit)
You feel very mighty all of a sudden.
Drink which item? (? for menu, Esc to quit)
You feel more agile all of a sudden.
Drink which item? (? for menu, Esc to quit)
You feel very buoyant.
You fly up into the air.
This spell is very dangerous to cast!
Memorise Phase Shift, consuming 5 spell levels and leaving 13?
You start memorising the spell.
You continue memorising.
You continue memorising. x4
You finish memorising.
Spell assigned to 'l'.
Unknown command.
Casting: Stoneskin
Confirm with . or Enter, or press ? or * to list all spells.
The spell is very dangerous to cast!
Continue anyway?
You feel the strange sensation of being on two planes at once.
You have escaped!

################........#
###...##.....# ##
#....####.#### .####
#.........# ....#
#.#.....#.# ###.#
#.#.....#.# #.#
#.#.....#.#
#.########.#.....#.#
#..##...##.#..8..#.#
####.........#.....#.#
.............#.....#.#
####.........#.....#.#
####...#..#.....#.#
######.........#
###########


There were no monsters in sight!

Vanquished Creatures
  9 ancient liches
  5 orbs of fire
  Mara (Depths:4)
  9 pandemonium lords
  Sojobo (Depths:3)
  3 curse toes
  3 Killer Klowns (Zot:5)
  A caustic shrike (Depths:4)
  Nikola (Vaults:3)
  12 golden dragons
  Jory (Crypt:3)
  the Enchantress (Depths:5)
  A bone dragon (Depths:5)
  3 electric golems
  10 liches
  A hellephant (D:15)
  16 tentacled monstrosities
  Asterion (Vaults:3)
  An Ice Fiend (D:7)
  5 titans
  2 deep elf master archers (Elf:3)
  34 Orb Guardians
  2 Shadow Fiends
  2 deep elf blademasters (Elf:3)
  2 Executioners
  5 quicksilver dragons
  2 eldritch tentacles
  2 octopode crushers (Depths:2)
  5 sphinxes
  3 thorn hunters
  5 ancient champions (Crypt:3)
  21 shadow dragons
  15 storm dragons
  6 revenants
  3 draconian monks
  9 tengu reavers
  10 fire giants
  Wiglaf (Depths:3)
  The ghost of George the Nimble, a powerful MiFi of Okawaru (Swamp:3)
  7 draconian knights
  6 deep elf sorcerers
  7 frost giants
  2 balrugs
  3 orc warlords
  9 vault wardens
  8 large abominations
  4 draconian scorchers
  A caustic shrike zombie (D:15)
  6 iron dragons
  Louise (D:15)
  2 cacodemons
  9 emperor scorpions
  4 draconian shifters
  6 ghost moths
  4 draconian zealots (Zot:1)
  A reaper (Depths:3)
  14 ironheart preservers
  2 war gargoyles (Vaults:5)
  24 stone giants
  4 draconian annihilators
  5 ghouls
  A blood saint (D:9)
  5 spriggan defenders
  8 deep elf demonologists
  5 vampire knights
  18 very ugly things
  8 draconian callers
  11 black draconians
  6 green draconians
  2 lorocyprocas
  2 salamander stormcallers
  9 white draconians
  12 deep elf annihilators
  7 mottled draconians
  16 yellow draconians
  5 dire elephants (Lair:8)
  8 red draconians
  12 purple draconians
  28 vault guards
  2 eidola
  Snorg (D:12)
  3 blizzard demons
  6 deep elf death magi
  2 quicksilver dragon zombies (Crypt:3)
  17 fire dragons
  A minotaur (Lab)
  9 ettins
  Josephine (D:15)
  A green death (D:9)
  17 jiangshi
  22 yaktaur captains
  9 deep elf high priests
  7 great orbs of eyes
  8 death cobs
  34 hydras
  Fannar (Lair:2)
  8 spriggan air magi
  15 ice dragons
  A ghost crab (shapeshifter) (Vaults:4)
  A monstrous demonspawn (D:9)
  2 ghost crabs (Swamp:2)
  7 rakshasas
  10 entropy weavers
  A catoblepas (Lair:5)
  2 death knights (Crypt:3)
  20 dancing weapons
  10 centaur warriors
  6 ogre magi
  10 alligators
  An anaconda (Lair:8)
  8 deep troll shamans
  5 death yaks (Lair:6)
  A titan zombie (Crypt:3)
  9 tengu warriors
  9 vampire magi
  13 deep troll earth magi
  2 soul eaters
  22 hell knights
  5 orc high priests
  10 spriggan berserkers
  2 small abominations
  2 titan skeletons (Crypt:3)
  2 sun demons (Depths:5)
  3 fire crabs
  4 hell hogs (D:4)
  5 storm dragon zombies (Crypt:3)
  46 skeletal warriors
  4 iron trolls
  13 unseen horrors
  16 flayed ghosts
  An infernal demonspawn (Depths:3)
  An iron troll (shapeshifter) (Depths:5)
  7 ice devils
  A hill giant (shapeshifter) (Vaults:5)
  An anaconda zombie (Crypt:3)
  A sea snake (shapeshifter) (Vaults:3)
  3 golden dragon zombies
  4 spriggan druids
  15 swamp dragons
  11 deep elf summoners
  2 ice statues (IceCv)
  A gelid demonspawn (D:9)
  3 giant orange brains
  18 deep elf knights
  A deep troll (shapeshifter) (Vaults:4)
  5 shambling mangroves
  19 ironbrand convokers
  A lindwurm (shapeshifter) (Vaults:3)
  8 hill giants
  29 deep trolls
  10 harpies
  A torturous demonspawn (D:4)
  18 orb spiders
  3 wizards
  14 phantasmal warriors
  A fire giant zombie (Crypt:3)
  A hornet (shapeshifter) (Vaults:4)
  12 necromancers
  41 ugly things
  34 wolf spiders
  34 moths of wrath
  3 putrid demonspawn
  A wolf spider zombie (Crypt:3)
  6 hornets
  14 elephants (Lair:8)
  9 orc sorcerers
  An octopode (shapeshifter) (Vaults:1)
  7 griffons
  16 deep elf conjurers
  19 orc knights
  2 sphinx skeletons (Vaults:2)
  3 manticores
  8 vault sentinels
  4 frost giant skeletons
  A centaur zombie (D:15)
  6 sixfirhies
  A fire giant skeleton (Vaults:2)
  8 cyclopes
  4 human skeletons (Vaults:2)
  A shock serpent zombie (Crypt:3)
  A stone giant skeleton (Crypt:2)
  4 gargoyles
  A black mamba (shapeshifter) (Vaults:2)
  20 spiny frogs
  2 toenail golems (Volcano)
  Psyche (D:8)
  An orange crystal statue (D:15)
  2 centaur skeletons
  4 black mambas
  A torpor snail (Spider:4)
  5 orange demons
  4 rust devils
  A grey draconian zombie (Crypt:3)
  A green draconian zombie (Crypt:3)
  A molten gargoyle (Volcano)
  5 hellwings
  49 yaktaurs
  8 demonic crawlers
  An iron troll zombie (Crypt:3)
  An efreet (D:15)
  A guardian mummy (D:15)
  A spiny frog (shapeshifter) (Vaults:4)
  2 kobold demonologists
  22 deep elf priests
  38 jumping spiders
  5 tengu conjurers
  An entropy weaver zombie (D:15)
  A yaktaur skeleton (Vaults:2)
  13 freezing wraiths
  A grey draconian skeleton (Crypt:2)
  14 trolls
  6 red devils
  11 two-headed ogres
  8 komodo dragons
  11 blue devils
  A death drake skeleton (Crypt:2)
  A merfolk (shapeshifter) (Elf:1)
  Prince Ribbit (D:7)
  12 giant leeches
  An ettin zombie (D:15)
  16 blink frogs
  2 trapdoor spider zombies
  14 bog bodies
  2 boulder beetles
  A tengu simulacrum (Vaults:3)
  42 slime creatures
  A fire dragon zombie (Crypt:3)
  3 flying skulls (Crypt:2)
  9 air elementals
  19 trapdoor spiders
  14 wraiths
  21 spriggans
  A griffon skeleton (Crypt:2)
  63 redbacks
  25 deep elf magi
  A human (shapeshifter) (Vaults:4)
  20 tarantellas
  3 water elementals (Depths:2)
  A wyvern (shapeshifter) (Vaults:5)
  43 deep elf fighters
  A ynoxinul (D:4)
  2 shadows
  A wind drake zombie (Crypt:1)
  A mottled dragon (D:15)
  A fire elemental (Volcano)
  22 vampire mosquitoes
  18 hippogriffs
  39 vampires
  3 wyverns
  A hippogriff (shapeshifter) (Depths:3)
  3 hungry ghosts
  72 yaks
  A wind drake skeleton (Crypt:1)
  2 chaos spawn
  2 neqoxecs
  5 basilisks
  6 wargs
  A warg (shapeshifter) (Depths:2)
  13 insubstantial wisps
  28 swamp worms
  A merfolk zombie (Crypt:2)
  A naga (shapeshifter) (Vaults:3)
  16 water moccasins
  4 hell hounds (D:4)
  A merfolk skeleton (Crypt:1)
  4 wolves (Lair:5)
  13 swamp drakes
  A soldier ant (D:15)
  A water moccasin (shapeshifter) (Depths:4)
  Purgy (D:3)
  4 sky beasts
  21 wasps
  A ghost crab zombie (Crypt:2)
  2 eyes of draining
  53 orc warriors
  29 spiders
  A spiny frog skeleton (Crypt:3)
  21 centaurs
  3 black bears
  11 porcupines
  5 ice beasts
  23 ogres
  A swamp dragon zombie (Crypt:3)
  7 boggarts
  A necrophage (D:8)
  A phantom (D:8)
  17 crocodiles
  An elephant skeleton (Crypt:1)
  A centaur (shapeshifter) (Vaults:5)
  A brain worm (shapeshifter) (Vaults:5)
  18 giant frogs
  3 big kobolds
  A yaktaur zombie (Crypt:1)
  A gnoll sergeant (D:5)
  2 wyvern zombies
  A wyvern skeleton (D:8)
  A spriggan zombie (Crypt:3)
  4 scorpions
  42 killer bees
  9 wights
  3 vampire bats (Orc:3)
  A lava snake (Volcano)
  An electric eel (Spider:4)
  14 crimson imps
  A wolf skeleton (Crypt:1)
  A giant frog zombie (D:6)
  6 jellies
  37 orc priests
  33 orc wizards
  2 human zombies
  A human simulacrum (Vaults:1)
  5 quasits
  Ijyb (D:3)
  2 iron imps
  2 giant frog skeletons (D:12)
  Jessica (D:2)
  8 hounds
  10 worker ants
  11 iguanas
  20 sheep
  A dwarf skeleton (Crypt:1)
  A hound zombie (D:8)
  4 mummies
  2 hound skeletons
  A worker ant zombie (D:11)
  Robin (D:3)
  23 river rats
  14 adders
  11 gnolls
  A swamp drake skeleton (Crypt:2)
  7 white imps
  2 giant eyeballs (Depths:4)
  7 shadow imps
  4 oozes
  8 ufetubi (IceCv)
  2 adder skeletons
  6 adder zombies
  A worm (D:3)
  A halfling skeleton (Crypt:3)
  6 giant geckos
  231 orcs
  2 bat skeletons
  4 bat zombies
  3 giant cockroaches
  23 goblins
  28 hobgoblins
  14 jackals
  6 quokkas
  18 bats
  A giant gecko zombie (Crypt:2)
  4 giant newts
  4 goblin zombies (Ossuary)
  A hobgoblin zombie (Ossuary)
  13 kobolds
  3 kobold zombies (Ossuary)
  A quokka skeleton (D:9)
  2 quokka zombies (Ossuary)
  12 rats
  3 rat zombies (Ossuary)
  A river rat skeleton (Crypt:3)
  9 crawling corpses
  5 fire vortices
  2 plants (Lair:8)
3107 creatures vanquished.

Vanquished Creatures (others)
  An ancient lich (Zot:5)
  An ironheart preserver (Vaults:2)
  A stone giant (Vaults:5)
  A salamander stormcaller (Vaults:2)
  A ghost crab (Swamp:2)
  A moth of wrath (Zot:5)
  A deep elf priest (Vaults:5)
  A small abomination (D:10)
  A deep elf mage (D:12)
  A neqoxec (D:4)
  A spriggan (Swamp:4)
  3 orc warriors (Vaults:5)
  2 wasps (Swamp:4)
  A boggart (Depths:2)
  A centaur (Vaults:1)
  An orc wizard (D:11)
  2 white imps (IceCv)
  An ufetubus (IceCv)
  5 orcs
  A quokka (D:9)
  A briar patch (Swamp:4)
  37 eldritch tentacle segments
  A fire vortex (Vaults:5)
  27 fungi
  5 lost souls
  9 plants
108 creatures vanquished.

Grand Total: 3215 creatures vanquished

Notes
Turn   | Place    | Note
--------------------------------------------------------------
     0 | D:1      | xXxSWAGxYoLOxXx the Troll Monk began the quest for the Orb.
     0 | D:1      | Reached XP level 1. HP: 22/22 MP: 0/0
   340 | D:1      | Reached XP level 2. HP: 29/29 MP: 1/1
   446 | D:2      | Noticed Jessica
   456 | D:2      | Killed Jessica
   456 | D:2      | Reached skill level 5 in Unarmed Combat
   456 | D:2      | Reached XP level 3. HP: 29/36 MP: 2/2
   799 | D:2      | Reached XP level 4. HP: 44/44 MP: 3/3
   825 | D:3      | Reached skill level 6 in Unarmed Combat
   908 | D:3      | Reached XP level 5. HP: 45/50 MP: 4/4
   967 | D:3      | Noticed Robin
   989 | D:3      | Killed Robin
  1108 | D:3      | Noticed Ijyb
  1122 | D:3      | Killed Ijyb
  1122 | D:3      | Reached skill level 7 in Unarmed Combat
  1242 | D:3      | Reached XP level 6. HP: 51/59 MP: 5/5
  1363 | D:3      | Found a shimmering altar of Xom.
  1376 | D:3      | Noticed Purgy
  1380 | D:3      | Killed Purgy
  1498 | D:3      | Reached skill level 8 in Unarmed Combat
  1677 | D:4      | Reached XP level 7. HP: 59/66 MP: 6/6
  2076 | D:4      | Reached skill level 9 in Unarmed Combat
  2299 | D:4      | Found an ancient bone altar of Kikubaaqudgha.
  2360 | D:5      | Entered Level 5 of the Dungeon
  2360 | D:5      | Found a blossoming altar of Fedhas.
  2421 | D:5      | Found Cane's Jewellery Shop.
  2447 | D:5      | Found Gobbeoha's Antique Weapon Shoppe.
  2531 | D:5      | Reached skill level 10 in Unarmed Combat
  2598 | D:5      | Reached XP level 8. HP: 74/74 MP: 7/7
  2647 | D:5      | Found Senteott's Antique Weapon Shop.
  3083 | D:6      | Reached skill level 11 in Unarmed Combat
  3434 | D:7      | Found Reen's Antique Armour Boutique.
  3451 | D:7      | Bought a pitted large shield for 313 gold pieces
  3456 | D:7      | Identified the +5 large shield "Onips" {Str+8} (You bought it in a shop on level 7 of the Dungeon)
  3519 | D:7      | Noticed Prince Ribbit
  3532 | D:7      | Killed Prince Ribbit
  3532 | D:7      | Reached skill level 1 in Shields
  3645 | D:7      | Found a staircase to the Ecumenical Temple.
  3683 | Temple   | Entered the Ecumenical Temple
  3984 | D:7      | Reached XP level 9. HP: 80/80 MP: 8/8
  4075 | D:7      | Found a blossoming altar of Fedhas.
  4273 | D:7      | Found a glowing golden altar of the Shining One.
  4499 | D:7      | Reached skill level 12 in Unarmed Combat
  4530 | D:7      | Found a snail-covered altar of Cheibriados.
  4552 | D:7      | Found a bloodstained altar of Trog.
  4565 | D:7      | Became a worshipper of Cheibriados the Contemplative
  4565 | D:7      | Acquired Cheibriados's first power
  4881 | D:8      | Found a sand-covered staircase.
  4887 | Ossuary  | Entered an ossuary
  4935 | Ossuary  | Acquired Cheibriados's second power
  5388 | D:8      | Reached skill level 5 in Shields
  5392 | D:8      | Reached skill level 1 in Invocations
  5476 | D:8      | Reached XP level 10. HP: 31/88 MP: 10/10
  5611 | D:8      | Acquired Cheibriados's third power
  5802 | D:8      | Noticed Psyche
  5810 | D:8      | Killed Psyche
  6214 | D:9      | Acquired Cheibriados's fourth power
  6252 | D:9      | Found a white marble altar of Elyvilon.
  7342 | D:10     | Entered Level 10 of the Dungeon
  7685 | D:10     | Reached XP level 11. HP: 87/97 MP: 12/12
  7799 | D:10     | Reached skill level 13 in Unarmed Combat
  7911 | D:10     | Reached skill level 5 in Dodging
  8014 | D:11     | Noticed a hill giant
  8019 | D:11     | Killed a hill giant
  8054 | D:11     | Noticed a tengu warrior
  8079 | D:11     | Killed a tengu warrior
  8159 | D:11     | Found a large runed door.
  8160 | D:11     | Found a large runed door.
  8217 | D:11     | Noticed a seven-headed hydra
  8272 | D:11     | Found a snail-covered altar of Cheibriados.
  8272 | D:11     | Noticed an ettin
  8278 | D:11     | Noticed a fire giant
  8280 | D:11     | Killed an ettin
  8474 | D:11     | Killed a seven-headed hydra
  8580 | D:11     | Killed an unseen horror
  8597 | D:11     | Reached skill level 5 in Throwing
  8856 | D:11     | Learned a level 2 spell: Blink
  8943 | D:11     | Found a staircase to the Orcish Mines.
  8969 | D:11     | Found a staircase to the Lair.
  9108 | Lair:1   | Entered Level 1 of the Lair of Beasts
  9331 | Lair:1   | Reached XP level 12. HP: 101/107 MP: 14/14
  9779 | Lair:2   | Found a labyrinth entrance.
  9786 | Lab      | Entered a labyrinth
  9910 | Lab      | Noticed a minotaur
  9917 | Lab      | Killed a minotaur
  9967 | Lab      | Got a fabulously ornate robe
  9978 | Lab      | Identified the cursed +1 robe of Booklir {*Corrode Int+5 Stlth+} (You found it in a labyrinth)
 10078 | Lair:2   | Learned a level 3 spell: Mephitic Cloud
 10148 | Lair:2   | Noticed Fannar
 10158 | Lair:2   | Killed Fannar
 10407 | Lair:2   | Noticed an eight-headed hydra
 10409 | Lair:2   | Killed an eight-headed hydra
 11130 | Lair:3   | Reached skill level 5 in Fighting
 11176 | Lair:3   | Found a dark tunnel.
 11185 | Volcano  | Entered a volcano
 11468 | Volcano  | Found a burning altar of Makhleb.
 11696 | Lair:3   | Found a staircase to the Swamp.
 11932 | Lair:3   | Found a hole to the Spider Nest.
 12379 | Lair:4   | Identified a scroll of acquirement
 12550 | Lair:4   | Reached XP level 13. HP: 108/119 MP: 15/15
 12555 | Lair:4   | Reached skill level 10 in Shields
 13909 | Lair:3   | Noticed a five-headed hydra
 13916 | Lair:3   | Killed a five-headed hydra
 14558 | Lair:6   | Got a translucent cloak
 14569 | Lair:6   | Identified the +1 cloak of the Storm King {rC+ rN+ MR+++ Int-2} (You acquired it on level 6 of the Lair of Beasts)
 14574 | Lair:6   | You fall through a shaft for 2 floors!
 14574 | Lair:8   | Entered Level 8 of the Lair of Beasts
 15233 | Lair:8   | Noticed an eldritch tentacle
 15243 | Lair:8   | Killed an eldritch tentacle
 15531 | Lair:8   | Noticed a dire elephant
 15531 | Lair:8   | Noticed a dire elephant
 15544 | Lair:8   | Killed a dire elephant
 15553 | Lair:8   | Killed a dire elephant
 15587 | Lair:8   | Noticed a dire elephant
 15600 | Lair:8   | Killed a dire elephant
 15645 | Lair:8   | Noticed a dire elephant
 15659 | Lair:8   | Killed a dire elephant
 15659 | Lair:8   | Reached XP level 14. HP: 127/127 MP: 16/16
 15772 | Lair:8   | Noticed a dire elephant
 15786 | Lair:8   | Killed a dire elephant
 16367 | Lair:7   | Reached skill level 14 in Shields
 16459 | Lair:7   | Found a staircase to the Slime Pits.
 17681 | Lair:2   | Learned a level 1 spell: Summon Butterflies
 17706 | Lair:2   | Gained mutation: You are frail (-10% HP). [potion of mutation]
 17706 | Lair:2   | Gained mutation: You are partially covered in yellow scales (AC +2). [potion of mutation]
 17706 | Lair:2   | Gained mutation: You are weak. (Str -2) [potion of mutation]
 17707 | Lair:2   | Gained mutation: You have an increased reservoir of magic (+10% MP). [potion of mutation]
 17707 | Lair:2   | Lost mutation: You are frail (-10% HP). [potion of mutation]
 17707 | Lair:2   | Gained mutation: You are robust (+10% HP). [potion of mutation]
 17708 | Lair:2   | Gained mutation: You are very robust (+20% HP). [potion of mutation]
 17708 | Lair:2   | Gained mutation: You evolve. [potion of mutation]
 17709 | Lair:2   | Gained mutation: You regenerate. [potion of mutation]
 17709 | Lair:2   | Gained mutation: You are very weak. (Str -4) [potion of mutation]
 17710 | Lair:2   | Gained mutation: You possess an exceptional clarity of mind. [potion of beneficial mutation]
 17711 | Lair:2   | Gained mutation: You are partially covered in thin metallic scales (AC +2). [potion of beneficial mutation]
 18226 | D:12     | Noticed Snorg
 18247 | D:12     | Killed Snorg
 18368 | D:12     | Reached skill level 15 in Shields
 18608 | Orc:1    | Entered Level 1 of the Orcish Mines
 19073 | Orc:1    | Gained mutation: You can spit weak poison. [evolution]
 19876 | Orc:4    | Entered Level 4 of the Orcish Mines
 19972 | Orc:4    | Found Cafaer's Book Shop.
 20000 | Orc:4    | Found Icuitian's Antique Armour Shop.
 20001 | Orc:4    | Noticed an orc warlord
 20012 | Orc:4    | Reached skill level 1 in Spellcasting
 20126 | Orc:4    | Found Wifomion's General Store.
 20140 | Orc:4    | Killed an orc warlord
 20140 | Orc:4    | Reached XP level 15. HP: 90/163 MP: 10/19
 20198 | Orc:4    | Bought a potion of beneficial mutation for 490 gold pieces
 20198 | Orc:4    | Gained mutation: You have a pair of small antennae on your head. [potion of beneficial mutation]
 20435 | Orc:4    | Found Jifiutwo's Antique Weapon Boutique.
 20601 | Orc:4    | Found a roughly hewn altar of Beogh.
 20877 | Spider:1 | Entered Level 1 of the Spider Nest
 22205 | Spider:2 | Reached skill level 15 in Unarmed Combat
 23694 | Spider:3 | Gained mutation: You can translocate small distances at will. [evolution]
 23694 | Spider:3 | Lost mutation: You evolve. [end of evolution]
 24089 | Spider:3 | Reached XP level 16. HP: 178/178 MP: 22/22
 24254 | Spider:4 | Entered Level 4 of the Spider Nest
 24562 | Spider:4 | Reached skill level 16 in Unarmed Combat
 24870 | Spider:4 | Got a gossamer rune of Zot
 25811 | Lair:2   | Learned a level 3 spell: Portal Projectile
 25908 | Swamp:1  | Entered Level 1 of the Swamp
 26490 | Swamp:1  | Paralysed by a wasp for 1 turns
 26772 | Swamp:2  | Reached skill level 17 in Unarmed Combat
 27183 | Swamp:2  | Reached XP level 17. HP: 190/194 MP: 25/25
 27345 | Swamp:2  | Reached skill level 10 in Dodging
 27718 | Swamp:3  | Noticed George's ghost (powerful MiFi)
 27746 | Swamp:3  | Killed George's ghost
 28653 | Swamp:4  | Entered Level 4 of the Swamp
 28835 | Swamp:4  | Reached skill level 18 in Unarmed Combat
 29146 | Swamp:4  | Reached skill level 10 in Fighting
 29406 | Swamp:4  | Got a decaying rune of Zot
 30365 | D:13     | Found a gate to the Vaults.
 30599 | Lair:2   | Learned a level 3 spell: Regeneration
 30660 | Orc:4    | Bought a book of the Earth for 1040 gold pieces
 30667 | Orc:4    | Learned a level 6 spell: Statue Form
 30703 | D:11     | Killed an unseen horror
 30823 | D:13     | Reached skill level 1 in Earth Magic
 30827 | D:13     | Reached XP level 18. HP: 210/210 MP: 26/26
 31175 | D:13     | Reached skill level 1 in Transmutations
 31310 | D:13     | Found a deep blue altar of Sif Muna.
 32695 | D:15     | Entered Level 15 of the Dungeon
 32695 | D:15     | Found a runed door.
 32695 | D:15     | Noticed Josephine
 32703 | D:15     | Reached skill level 5 in Spellcasting
 32706 | D:15     | Killed Josephine
 32761 | D:15     | Found a runed door.
 32774 | D:15     | Noticed Louise
 32777 | D:15     | Found a staircase to the Depths.
 32798 | D:15     | Killed Louise
 32853 | D:15     | Found a runed door.
 32892 | D:15     | Found a runed door.
 32962 | D:15     | Reached skill level 5 in Earth Magic
 33671 | Vaults:1 | Entered Level 1 of the Vaults
 33688 | Vaults:1 | Found a portal to a secret trove of treasure.
 34483 | Vaults:1 | Got a translucent ruby amulet
 34570 | Vaults:1 | Found Onoa's Weapon Shoppe.
 34641 | Vaults:1 | Found Qausi's Armour Emporium.
 34650 | Vaults:1 | Bought a +2 robe of fire resistance for 354 gold pieces
 34667 | Vaults:1 | Identified the amulet "Nettitek" {rMut Dex+3} (You found it on level 1 of the Vaults)
 34797 | Vaults:1 | Reached XP level 19. HP: 218/218 MP: 30/30
 35166 | Vaults:2 | Reached skill level 5 in Transmutations
 35209 | Vaults:2 | Found a staircase to the Crypt.
 36282 | Vaults:2 | Reached skill level 10 in Earth Magic
 36528 | Vaults:3 | Found Xaerghee's Assorted Antiques.
 36858 | Vaults:3 | Noticed Asterion
 36874 | Vaults:3 | Killed Asterion
 37082 | Vaults:3 | Noticed Nikola
 37101 | Vaults:3 | Killed Nikola
 37538 | Vaults:3 | Reached XP level 20. HP: 229/229 MP: 33/33
 39193 | Crypt:1  | Entered Level 1 of the Crypt
 39261 | Crypt:1  | Got a crude robe
 39272 | Crypt:1  | Identified the +2 robe "Neoruaxt" {rElec rC+ MR+} (You found it on level 1 of the Crypt)
 40189 | Crypt:3  | Entered Level 3 of the Crypt
 40655 | Crypt:3  | Reached XP level 21. HP: 237/237 MP: 36/36
 40795 | Crypt:3  | Noticed Jory
 40806 | Crypt:3  | Killed Jory
 41201 | Crypt:3  | Found a staircase to the Tomb.
 41400 | Crypt:3  | Lost mutation: You are very weak. (Str -4) [potion of cure mutation]
 41400 | Crypt:3  | Lost mutation: You possess an exceptional clarity of mind. [potion of cure mutation]
 41400 | Crypt:3  | Lost mutation: You are weak. (Str -2) [potion of cure mutation]
 41400 | Crypt:3  | Lost mutation: You are partially covered in yellow scales (AC +2). [potion of cure mutation]
 41400 | Crypt:3  | Lost mutation: You are very robust (+20% HP). [potion of cure mutation]
 41817 | Crypt:3  | Identified the Almanac of Execration (You found it on level 3 of the Crypt)
 42682 | Orc:3    | Found a staircase to the Elven Halls.
 43073 | Elf:1    | Entered Level 1 of the Elven Halls
 43094 | Elf:1    | Found Anieczatt's Book Shoppe.
 43148 | Elf:1    | Found a frozen archway.
 43153 | IceCv    | Entered an ice cave
 43369 | IceCv    | Reached skill level 15 in Earth Magic
 43593 | Elf:1    | Bought a book of Air for 455 gold pieces
 43596 | Elf:1    | Learned a level 2 spell: Repel Missiles
 44579 | Elf:2    | Learned a level 1 spell: Apportation
 44732 | Elf:2    | Found a runed gate.
 44732 | Elf:2    | Found a runed gate.
 44732 | Elf:2    | Found a runed gate.
 45131 | Elf:3    | Entered Level 3 of the Elven Halls
 45179 | Elf:3    | Reached XP level 22. HP: 228/228 MP: 23/38
 45213 | Elf:3    | Reached skill level 10 in Transmutations
 45786 | Elf:3    | Identified the Catalogue of Combat Magic and Execration
 45801 | Elf:3    | Got a clouded jade ring
 45829 | Elf:3    | Identified the ring "Tiatt" {rPois Str+5 Dex-5 SInv} (You took it off a deep elf annihilator on level 3 of the Elven Halls)
 45914 | Elf:3    | Got a steaming amber ring
 46273 | Elf:3    | Identified the ring of Jeggoaco {rF+ MP-9 Int+3} (You took it off a deep elf annihilator on level 3 of the Elven Halls)
 46303 | Elf:3    | Got a fine ivory amulet
 46304 | Elf:3    | Identified the amulet of Summer {Clar Int+4} (You found it on level 3 of the Elven Halls)
 46331 | Elf:3    | Got a faintly humming robe
 46342 | Elf:3    | Identified the +0 robe of Imperfection {*Corrode Int+2 Dex-2 Slay+6} (You took it off a deep elf fighter on level 3 of the Elven Halls)
 46667 | Depths:1 | Entered Level 1 of the Depths
 46756 | Depths:1 | Found a gateway to Hell.
 46829 | Depths:1 | Gained mutation: You can spit poison. [potion of beneficial mutation]
 46902 | Depths:1 | Reached skill level 19 in Unarmed Combat
 47456 | Depths:2 | Found a glowing golden altar of the Shining One.
 48154 | Depths:2 | Reached skill level 20 in Unarmed Combat
 48163 | Depths:2 | Reached XP level 23. HP: 240/240 MP: 30/39
 48238 | Depths:2 | Identified Sif Muna's Second Course in Theurgy
 48746 | Depths:3 | Noticed Sojobo
 48752 | Depths:3 | Killed Sojobo
 48880 | Depths:3 | Noticed Wiglaf
 48884 | Depths:3 | Killed Wiglaf
 48918 | Depths:3 | Noticed an ancient lich
 48925 | Depths:3 | Killed an ancient lich
 48947 | Depths:3 | Identified Reylaf's Catalogue of Stolen Souls and Envenoming
 49063 | Depths:3 | Found a one-way gate leading to the halls of Pandemonium.
 49325 | Depths:3 | Gained mutation: Your spells are a little harder to cast, but a little more powerful. [potion of beneficial mutation]
 49663 | Depths:4 | Paralysed by a giant eyeball for 4 turns
 49674 | Depths:4 | Noticed Mara
 49679 | Depths:4 | Found Nicoqije's Assorted Antiques.
 49689 | Depths:4 | Bought a smoking marble ring for 230 gold pieces
 49689 | Depths:4 | Identified the ring "Puptaory" {rPois Str+2 SInv} (You bought it in a shop on level 4 of the Depths)
 49739 | Depths:4 | Reached skill level 10 in Spellcasting
 49789 | Depths:4 | Found Ucvaug's General Store.
 49802 | Depths:4 | Bought a book of Geomancy for 455 gold pieces
 49805 | Depths:4 | Learned a level 2 spell: Stoneskin
 49842 | Depths:4 | Paralysed by a giant eyeball for 2 turns
 49845 | Depths:4 | Paralysed by a giant eyeball for 4 turns
 49938 | Depths:4 | Found a one-way gate to the infinite horrors of the Abyss.
 49994 | Depths:4 | Reached XP level 24. HP: 254/254 MP: 39/39
 50078 | Depths:4 | Noticed xXxSWAGxYoLOxXx's illusion
 50087 | Depths:4 | Killed Mara
 50089 | Depths:4 | Killed Mara
 50151 | Depths:4 | Got a coiled granite ring
 50278 | Depths:4 | Got a slimy copper ring
 50279 | Depths:4 | Identified the ring of Leaves {rPois rC- rN+ Int+3 SInv} (You found it on level 4 of the Depths)
 50280 | Depths:4 | Identified the ring "Giehoc Uhuk" {rC+ Str+5 Dex+3} (You found it on level 4 of the Depths)
 50299 | Depths:4 | Found a gateway to a ziggurat.
 50327 | Depths:4 | Reached skill level 21 in Unarmed Combat
 50402 | Depths:4 | Got a sparkling steel ring
 50454 | Depths:4 | Identified the ring of Rephuf {*Contam rF+ Int+2 SInv} (You took it off an orc on level 4 of the Depths)
 50545 | Depths:5 | Entered Level 5 of the Depths
 50792 | Depths:5 | Found a gate to the Realm of Zot.
 50862 | Depths:5 | Noticed the Enchantress
 50898 | Depths:5 | Killed the Enchantress
 50924 | Depths:5 | Got a faerie dragon armour
 50984 | Depths:5 | Identified the +3 faerie dragon armour {Dex+3} (You took it off the Enchantress on level 5 of the Depths)
 51153 | Depths:5 | Found an ancient bone altar of Kikubaaqudgha.
 51384 | Depths:5 | Reached skill level 22 in Unarmed Combat
 52143 | Vaults:5 | Entered Level 5 of the Vaults
 52168 | Vaults:4 | Reached XP level 25. HP: 268/268 MP: 31/40
 52489 | Vaults:5 | Got a slimy iron ring
 52543 | Vaults:5 | Learned a level 3 spell: Passwall
 52548 | Vaults:5 | Learned a level 4 spell: Passage of Golubria
 52584 | Vaults:5 | Reached skill level 23 in Unarmed Combat
 52620 | Vaults:5 | Noticed an ancient lich
 52624 | Vaults:5 | Killed an ancient lich
 53038 | Vaults:5 | Noticed an ancient lich
 53044 | Vaults:5 | Killed an ancient lich
 53398 | Vaults:5 | Got a silver rune of Zot
 53595 | Vaults:5 | Reached XP level 26. HP: 282/282 MP: 40/40
 53635 | Vaults:5 | Identified the ring "Nyfub" {+Blink rN+ AC+4 Int+4 Dex+4} (You took it off a fire giant on level 5 of the Vaults)
 53650 | Vaults:5 | Identified the Papyrus of Execration
 55014 | Vaults:1 | You paid a toll of 12 potions of heal wounds to enter a treasure trove
 55015 | Trove    | Entered a treasure trove
 55086 | Trove    | Gained mutation: Your spells are harder to cast, but more powerful. [potion of beneficial mutation]
 55411 | Zot:1    | Entered Level 1 of the Realm of Zot
 57078 | Zot:2    | Reached skill level 24 in Unarmed Combat
 57353 | Zot:3    | Reached skill level 15 in Dodging
 57846 | Zot:3    | Reached XP level 27. HP: 293/293 MP: 31/40
 58462 | Zot:4    | Noticed an orb of fire
 58464 | Zot:4    | Killed an orb of fire
 58644 | Zot:4    | Reached skill level 15 in Fighting
 59237 | Zot:5    | Entered Level 5 of the Realm of Zot
 59318 | Zot:5    | Got a scorched bronze amulet
 59319 | Zot:5    | Identified the amulet of the Heavens {rCorr *Corrode Str+7} (You acquired it on level 5 of the Realm of Zot)
 59365 | Zot:5    | Reached skill level 25 in Unarmed Combat
 59686 | Zot:5    | Noticed an ancient lich
 59691 | Zot:5    | Killed an ancient lich
 59709 | Zot:5    | Noticed an ancient lich
 59711 | Zot:5    | Killed an ancient lich
 59719 | Zot:5    | Noticed an ancient lich
 59720 | Zot:5    | Noticed an ancient lich
 59727 | Zot:5    | Killed an ancient lich
 59731 | Zot:5    | Killed an ancient lich
 59748 | Zot:5    | Noticed an ancient lich
 59753 | Zot:5    | Killed an ancient lich
 59760 | Zot:5    | Noticed an orb of fire
 59762 | Zot:5    | Reached skill level 26 in Unarmed Combat
 59764 | Zot:5    | Noticed an ancient lich
 59770 | Zot:5    | Killed an orb of fire
 59772 | Zot:5    | Killed an ancient lich
 59902 | Zot:5    | Noticed an orb of fire
 59909 | Zot:5    | Killed an orb of fire
 59994 | Zot:5    | Noticed an orb of fire
 59998 | Zot:5    | Noticed an orb of fire
 60005 | Zot:5    | Killed an orb of fire
 60007 | Zot:5    | Killed an orb of fire
 60238 | Zot:5    | Got the Orb of Zot
 60416 | Zot:2    | Noticed Ofuenasch the pandemonium lord
 60418 | Zot:2    | Noticed an ancient lich
 60422 | Zot:2    | Killed Ofuenasch the pandemonium lord
 60424 | Zot:2    | Killed an ancient lich
 60730 | Depths:2 | Noticed Zorev the pandemonium lord
 60736 | Depths:2 | Killed Zorev the pandemonium lord
 60898 | D:12     | Reached skill level 27 in Unarmed Combat
 60983 | D:10     | Noticed Jigiacy the pandemonium lord
 60992 | D:10     | Killed Jigiacy the pandemonium lord
 60996 | D:10     | Noticed Iseetide the pandemonium lord
 61006 | D:10     | Killed Iseetide the pandemonium lord
 61047 | D:9      | Noticed Rynwaeg the pandemonium lord
 61050 | D:9      | Killed Rynwaeg the pandemonium lord
 61201 | D:5      | Noticed Najieseo the pandemonium lord
 61209 | D:5      | Killed Najieseo the pandemonium lord
 61239 | D:5      | Noticed Eqira the pandemonium lord
 61243 | D:5      | Killed Eqira the pandemonium lord
 61382 | D:4      | Noticed Qudwobbu the pandemonium lord
 61388 | D:4      | Killed Qudwobbu the pandemonium lord
 61429 | D:3      | Noticed Bonah the pandemonium lord
 61432 | D:3      | Killed Bonah the pandemonium lord
 61539 | D:1      | Learned a level 5 spell: Phase Shift
 61541 | D:$      | Escaped with the Orb!

Vault maps used:
D:1:      minmay_arrival_semitransparent
D:2:      minmay_strange_pillars, uniq_jessica
D:3:      kennysheep_the_goblin_king, led_xom_imps, uniq_iyjb, uniq_purgy,
          uniq_robin
D:4:      lemuel_zombie_altar_kikubaaqudgha
D:5:      first_bread, serial_shops, shop_statue, shop, shop,
          fedhas_bush_and_centaur_altar
D:7:      lemuel_coloured_pillars_altar, kennysheep_mini_moat,
          cheibriados_altar_1, minmay_temple_entry_hall, serial_shops, shop,
          the_bakery, trog_three_pillars_becter, uniq_prince_ribbit1
D:8:      hangedman_cross_veins, nicolae_ossuary_entry_plus, uniq_psyche
D:9:      elyvilon_altar_4, serial_glass, glass_columns_b, glass_columns_c,
          grunt_ministairs_1, hive_lemuel
D:10:     minmay_misc_feat_roman
D:11:     lair_0_dummy, hiddenorc2_lemuel, minivault_14, jmf_multi_god_temple2
D:12:     roderic_cross_of_infinity, uniq_snorg
D:13:     erik_vaults_1, basic_altar
D:14:     grunt_decor_arrowhead
D:15:     gammafunk_depths_entry_grave, serial_curves, eino_curves_01,
          eino_curves_01, eino_curves_04, eino_curves_04,
          hangedman_decor_peaks_small, minmay_statue_crystal_thing,
          uniq_josephine, uniq_louise
Temple:   chambers_temple_14
Lair:1:   nicolae_quartered_pool_little, serial_bayou_crossing
Lair:2:   lab_entry_generic, uniq_fannar
Lair:3:   minmay_swamp_entry_wisps, spider_nest_entry_funnel_web,
          enter_volcano_1, st_stairs_8, serial_bayou_pond_a,
          grunt_forest_small_clearing_treed, serial_bayou_shore_a
Lair:5:   lemuel_fruit_tree, lemuel_fruit_fields
Lair:7:   nicolae_slime_entry_slimehenge, grunt_forest_large_clearing_hut
Lair:8:   due_jungle_book, infiniplex_staircase_pool_2
Swamp:1:  evilmike_swamp_ruin_rubble_2
Swamp:2:  evilmike_swamp_ruin_house_4, swamp_pool3, ldierk_geyser, st_swamp_mini
Swamp:3:  evilmike_swamp_ruin_house_1
Swamp:4:  swamp_alternative
Spider:4: grunt_spider_rune_circles
Orc:2:    sword_in_stone
Orc:3:    nicolae_orc_pool_cavern, roderic_batcave, nicolae_orc_bridge_out
Orc:4:    grunt_orc_gardens, grunt_orc_garden, grunt_orc_garden,
          grunt_orc_garden, grunt_orc_garden, basic_altar, mines2_lemuel
Elf:1:    serial_shops, nicolae_shop_waterfront,
          portal_ice_cave_entry_pillars_01, kennysheep_underground_church
Elf:3:    grunt_elf_hall_branching, st_stairs_7
Vaults:1: v_alt_pattern_5, ontoclasm_vaults_claustrophobia,
          vaults_room_mumra_shop_pool, nicolae_vaults_octagons, v_misc_4,
          v_misc_5, hangedman_vaults_restitches, hangedman_vaults_restitches,
          enter_trove_3, serial_shops, nicolae_shop_crystal
Vaults:2: minmay_crypt_entry_skeletal_spiral, v_misc_4,
          vaults_mumra_chevron_long, nicolae_vaults_mini_display_case,
          nicolae_vaults_hallways_thing, v_misc_15, v_misc_8,
          ontoclasm_vaults_ring_large, nicolae_vaults_shelves_hall,
          ontoclasm_vaults_twist, vaults_room_door_hall,
          nicolae_vaults_yaktaur_gun_rack, serial_ice_h, v_pattern_3,
          vaults_room_semicircle
Vaults:3: grunt_vaults_bifocal, ontoclasm_vaults_misaligned,
          nicolae_vaults_puzzle_piece, ontoclasm_vaults_fault, v_misc_3,
          hangedman_vaults_locks, vaults_room_fancy_cross,
          nicolae_vaults_border_crossing, nicolae_vaults_fighting_squares,
          vaults_room_fancy_cross, vaults_room_fours, grunt_vaults_twisty,
          nicolae_vaults_little_squares_4, nicolae_vaults_rhombus_6,
          serial_shops, nicolae_shop_overgrown_old_shop, uniq_nikola,
          uniq_asterion
Vaults:4: v_alt_pattern_2, ontoclasm_vaults_pinch, v_misc_31,
          nicolae_vaults_alarming, v_misc_14, nicolae_vaults_know_your_exits
Vaults:5: serial_shops
Crypt:2:  due_unseen_surprise
Crypt:3:  due_elkab, grunt_ministairs_10, uniq_jory
Depths:1: pf_vacation_house_of_asmodeus, serial_sigils_hangedman_quiver,
          kennysheep_generic_room_8
Depths:2: lemuel_traditional_vault, tso_metal_star, pf_coc_iceberg,
          infiniplex_staircase_zigzag_3
Depths:3: minmay_fractal_lines_corner, rand_demon_pan_entry_3, hell_entry,
          hangedman_abyss_or_decor_passed, roderic_lattice_octagonal_star,
          uniq_wiglaf, uniq_sojobo
Depths:4: hangedman_spin_cycle, abyss_entry, serial_shops, hell_entry, uniq_mara
Depths:5: grunt_zot_entry_gee_three, old_standard_altar, lightli_too_deep,
          uniq_enchantress
Zot:2:    grunt_megastairs_2
Zot:4:    zot_minivault_1
Zot:5:    grunt_ministairs_3, st_stairs_11
Lab:      labyrinth_mini_lab, labyrinth_skeletal_remains, nicolae_lab_blocks,
          nicolae_lab_quarters
Trove:    trove_alchemists_storehouse
Ossuary:  ossuary_minmay_chase
IceCv:    ice_cave_small_demon
Volcano:  volcano_lake

Action                   |  1- 3 |  4- 6 |  7- 9 | 10-12 | 13-15 | 16-18 | 19-21 | 22-24 | 25-27 || total
-------------------------+-------+-------+-------+-------+-------+-------+-------+-------+-------++-------
Melee: Unarmed           |    54 |   167 |   379 |   706 |  1541 |  1734 |  2175 |  1072 |  1109 ||  8937
Throw: Large rock        |       |       |       |     7 |     5 |   100 |     9 |       |       ||   121
 Cast: Statue Form       |       |       |       |       |       |       |     4 |    60 |    80 ||   144
       Repel Missiles    |       |       |       |       |       |       |     1 |     9 |    10 ||    20
       Blink             |       |       |       |       |       |       |       |     1 |       ||     1
       Stoneskin         |       |       |       |       |       |       |       |     7 |    16 ||    23
       Phase Shift       |       |       |       |       |       |       |       |       |     1 ||     1
Invok: Slouch            |       |       |       |     1 |     1 |     8 |       |     3 |     1 ||    14
       Bend Time         |       |       |       |       |       |       |       |     2 |       ||     2
Evoke: Wand              |       |       |       |       |       |       |     3 |     2 |     1 ||     6
  Use: Scroll            |       |     9 |    10 |    15 |    12 |    14 |    10 |    11 |     8 ||    89
       Potion            |       |       |       |     2 |    10 |     3 |     5 |     4 |     6 ||    30
 Stab: Sleeping          |       |     1 |     4 |    13 |    31 |    12 |    11 |     3 |     3 ||    78
       Distracted        |       |       |       |     1 |     6 |    10 |     6 |     3 |     4 ||    30
       Confused          |       |       |       |       |       |     3 |       |     1 |       ||     4
       Held in net/web   |       |       |       |       |       |       |     1 |       |       ||     1
  Eat: Chunk             |    13 |     5 |    37 |    50 |    79 |    84 |    62 |    76 |    91 ||   497
       Royal jelly       |       |       |       |       |       |       |     1 |       |     2 ||     3
       Beef jerky        |       |       |       |       |       |       |     1 |       |       ||     1
       Meat ration       |       |       |       |       |       |       |     2 |       |     2 ||     4
